 Dungeon Crawl Stone Soup version 0.31-a0-609-g7bf6ffcfed (webtiles) character file.

Game seed: 3340996323065333561

12447 Dittersdorf the Fighter (level 11, -2/73 HPs)
             Began as a Gargoyle Fighter on Aug 21, 2023.
             Was an Elder of the Shining One.
             Slain by a yak (6 damage)
             ... on level 1 of the Lair of Beasts.
             The game lasted 00:15:27 (12038 turns).

Dittersdorf the Fighter (Gargoyle Fighter)         Turns: 12038, Time: 00:15:27

Health: -2/73      AC: 31    Str: 25    XL:     11   Next: 93%
Magic:  11/11      EV:  7    Int:  8    God:    the Shining One [****..]
Gold:   757        SH:  6    Dex:  9    Spells: 10/10 levels left

rFire   + . .        l - +0 morningstar
rCold   . . .        c - +0 buckler
rNeg    + + +        E - +2 plate armour {rF+}
rPois   ∞            g - +0 helmet
rElec   +            m - +0 cloak
rCorr   .            r - +1 pair of gloves
SInv    .            i - +0 pair of boots
Will    .....        t - amulet of faith Stlth
                     o - ring of flight
HPRegen 0.32/turn    f - ring of wizardry
MPRegen 0.12/turn

%: faith, wizardry (x1)
@: flying, glowing
A: sickness immunity, AC +8, negative energy resistance 1, electricity
resistance, torment resistance 1, petrification resistance
a: Renounce Religion, Divine Shield, Cleansing Flame


You were on level 1 of the Lair of Beasts.
You worshipped the Shining One.
The Shining One was greatly pleased with you.
You visited 2 branches of the dungeon, and saw 12 of its levels.

You collected 757 gold pieces.

Inventory:

Hand Weapons
 a - a +0 flail
 l - a +0 morningstar (weapon)
Armour
 c - a +0 buckler (worn)
 g - a +0 helmet (worn)
 i - a +0 pair of boots (worn)
 m - a +0 cloak (worn)
 r - a +1 pair of gloves (worn)
 E - a +2 plate armour of fire resistance (worn)
Jewellery
 f - a ring of wizardry (right hand)
 o - a ring of flight (left hand)
 s - a ring of fire
 t - an amulet of faith (around neck)
Wands
 v - a wand of flame (34) (quivered)
 y - a wand of quicksilver (5)
 C - a wand of digging (6)
Scrolls
 q - 3 scrolls of teleportation
 u - 2 scrolls of blinking
 x - a scroll of enchant armour
 D - a scroll of revelation
Potions
 b - 3 potions of heal wounds {unknown}
 d - 2 potions of might
 e - a potion of brilliance
 h - 3 potions of haste {unknown}
 k - 2 potions of mutation
 n - 7 potions of curing
 z - a potion of cancellation
 A - a potion of ambrosia
 B - a potion of resistance {unknown}


   Skills:
 + Level 10.9 Fighting
 + Level 9.7 Maces & Flails
 + Level 10.8 Armour
 + Level 10.9 Shields


You had 10 spell levels left.
You didn't know any spells.
Your spell library contained the following spells:

 Spells                   Type           Power      Damage    Failure   Level
 Apportation              Tloc           0%         N/A       86%         1
 Necrotise                Necr           0%         1d4       86%         1
 Summon Small Mammal      Summ           0%         N/A       86%         1
 Static Discharge         Conj/Air       0%         2-2/arc   94%         2
 Call Canine Familiar     Summ           0%         N/A       99%         3
 Ignite Poison            Fire/Tmut/Pois 0%         N/A       99%         3
 Portal Projectile        Hex/Tloc       0%         N/A       99%         3
 Vhi's Electric Charge    Tloc/Air       0%         N/A       99%         3
 Volatile Blastmotes      Fire/Tloc      0%         2d10      99%         3
 Airstrike                Air            0%         2d(0-16)  100%        4
 Fulminant Prism          Conj/Hex       0%         3d5       100%        4
 Iskenderun's Mystic Bla  Conj/Tloc      0%         2d3       100%        4
 Leda's Liquefaction      Hex/Erth       0%         N/A       100%        4
 Olgreb's Toxic Radiance  Pois           0%         N/A       100%        4
 Petrify                  Tmut/Erth      0%         N/A       100%        4
 Summon Lightning Spire   Summ/Air       0%         N/A       100%        4
 Arcjolt                  Conj/Air       0%         1d10      100%        5
 Fireball                 Conj/Fire      0%         3d3       100%        5
 Freezing Cloud           Conj/Ice/Air   0%         6-21      100%        5
 Irradiate                Conj/Tmut      0%         3d11      100%        5
 Iskenderun's Battlesphe  Conj           0%         2d6       100%        5
 Conjure Ball Lightning   Conj/Air       0%         3x3d6     100%        6
 Orb of Destruction       Conj           0%         9d5       100%        7
 Discord                  Hex            0%         N/A       100%        8
 Ignition                 Fire           0%         3d3       100%        8
 Maxwell's Capacitive Co  Air            0%         ∞         100%        8
 Cigotuvi's Dreadful Rot  Necr/Pois/Air  Unusable   N/A       N/A         2
 Sublimation of Blood     Necr           Unusable   N/A       N/A         2

Dungeon Overview and Level Annotations

Branches:
Dungeon (11/15)            Temple (0/1) D:4            Lair (1/5) D:11
    Orc: D:9-12

Altars:
Cheibriados
Fedhas
Gozag
Kikubaaqudgha
Makhleb
Nemelex Xobeh
Sif Muna
Uskayaw
Vehumet
Wu Jian
Xom
Yredelemnul
The Shining One

Shops:
D:11 *

Annotations:
D:6 3 runed translucent doors, randomguy2701's ghost, novice HOFi


Innate Abilities, Weirdness & Mutations

You are immune to sickness and miasma.
Your stone body is resilient. (AC +8)
You are immune to poison.
You resist negative energy. (rN+)
You are resistant to electric shocks. (rElec)
You are resistant to unholy torment.
You are immune to petrification.


Message History

The bullfrog hits you.
You hit the yak but do no damage.
The bullfrog hits you but does no damage.
You block the bullfrog's attack. The bullfrog hits you.
You block the yak's attack. The yak completely misses you. The yak gores you.
The yak gores you but does no damage. The yak gores you.
The yak barely misses you.
You are too injured to fight recklessly!
You are too injured to fight recklessly!
You are too injured to fight recklessly!
You are too injured to fight recklessly!
You are too injured to fight recklessly!
You are too injured to fight recklessly!
You are too injured to fight recklessly!
You are too injured to fight recklessly!
Unknown command.
Unknown command.
You puncture the bullfrog!
The bullfrog is almost dead.
The bullfrog hits you but does no damage.
You block the bullfrog's attack. The yak barely misses you.
The yak gores you but does no damage. The yak gores you!
* * * LOW HITPOINT WARNING * * *
You block the yak's attack. The yak barely misses you.
The bullfrog hits you but does no damage.
The yak gores you!
* * * LOW HITPOINT WARNING * * *
You bludgeon the bullfrog!!
You kill the bullfrog!
The bullfrog completely misses you.
A cane toad comes into view.
The bullfrog hits you but does no damage.
The yak gores you but does no damage. x2; The yak gores you.
The Shining One protects you from harm! You block the yak's attack.
The yak gores you but does no damage. The yak closely misses you.
You completely miss the yak.
The cane toad gives a loud, deep croak!
The bullfrog barely misses you. The yak barely misses you. The yak gores you.
You die...

...............
..^.....F......
................
................
................
.......Y........
.....!YYY.......
......Y@YY.....
......YFY..###.
#P###.##...# ## ##..##
#..P#
#######..#############
......................
......................
.#######.#.######.....


You could see 9 yaks, a cane toad and a bullfrog.

Vanquished Creatures
  A two-headed ogre (D:11)
  A manticore (D:7)
  Maurice (D:9)
  3 cane toads (Lair:1)
  An unseen horror (D:9)
  A komodo dragon (D:11)
  2 trolls (D:9)
  Grinder (D:4)
  A hornet (D:9)
  Sigmund (D:6)
  22 yaks
  4 wyverns
  A shadow (D:8)
  3 vampire mosquitoes (D:11)
  A basilisk (D:11)
  2 steam dragons
  Menkaure (D:6)
  A black bear (D:4)
  2 ice beasts (D:6)
  4 orc warriors
  3 sky beasts (D:11)
  A swamp drake (D:11)
  2 centaurs
  A phantom (D:6)
  2 kobold brigands
  A gnoll sergeant (D:10)
  6 bullfrogs
  3 scorpions
  11 wights
  9 killer bees
  2 howler monkeys
  A jelly (D:7)
  9 hounds
  5 orc priests
  2 sleepcaps
  3 iguanas
  7 orc wizards
  10 adders
  5 gnolls
  3 shadow imps
  An ufetubus (D:5)
  A worm (D:9)
  2 dart slugs
  38 orcs
  8 bats
  5 endoplasms
  7 giant cockroaches
  8 goblins
  3 hobgoblins
  5 quokkas
  4 ball pythons
  3 frilled lizards
  12 kobolds
  8 rats
245 creatures vanquished.

Notes
Turn   | Place    | Note
-------+----------+-------------------------------------------
     0 | D:1      | Dittersdorf the Gargoyle Fighter began the quest for the
                  | Orb.
     0 | D:1      | Reached XP level 1. HP: 14/14 MP: 1/1
    76 | D:1      | Reached XP level 2. HP: 16/19 MP: 2/2
   976 | D:2      | Found a faded altar of an unknown god.
   990 | D:2      | Found a shimmering altar of Xom.
  1060 | D:2      | Reached XP level 3. HP: 23/23 MP: 3/3
  1639 | D:2      | Reached XP level 4. HP: 29/29 MP: 4/4
  2156 | D:3      | Found a basalt altar of Yredelemnul.
  2221 | D:3      | Found a radiant altar of Vehumet.
  2236 | D:3      | Found a hide-covered altar of Uskayaw.
  2457 | D:3      | Found a glowing golden altar of the Shining One.
  2546 | D:3      | Reached XP level 5. HP: 33/33 MP: 5/5
  2590 | D:3      | Became a worshipper of the Shining One
  2740 | D:3      | Found an ornate altar of the Wu Jian Council.
  3326 | D:4      | Noticed a black bear
  3341 | D:4      | Killed a black bear
  3342 | D:4      | Reached XP level 6. HP: 39/39 MP: 6/6
  3473 | D:4      | Reached skill level 5 in Shields
  3478 | D:4      | Reached skill level 5 in Fighting
  3478 | D:4      | Reached skill level 5 in Armour
  3549 | D:4      | Found a staircase to the Ecumenical Temple.
  3550 | D:4      | Noticed Grinder
  3557 | D:4      | Paralysed by Grinder for 5 turns
  3571 | D:4      | Paralysed by Grinder for 5 turns
  3581 | D:4      | Killed Grinder
  3582 | D:4      | Reached XP level 7. HP: 40/44 MP: 7/7
  3820 | D:5      | Entered Level 5 of the Dungeon
  4035 | D:5      | Reached XP level 8. HP: 45/51 MP: 8/8
  4273 | D:5      | Reached skill level 5 in Maces & Flails
  4920 | D:6      | Reached * piety under the Shining One
  4988 | D:6      | Noticed Menkaure
  4996 | D:6      | Killed Menkaure
  5184 | D:6      | Found a runed translucent gate.
  5184 | D:6      | Found a runed translucent gate.
  5184 | D:6      | Found a runed translucent gate.
  5185 | D:6      | Found an opulent altar of Gozag.
  5187 | D:6      | Noticed randomguy2701's ghost (novice HOFi)
  5187 | D:6      | Noticed a two-headed ogre
  5496 | D:6      | Reached XP level 9. HP: 34/56 MP: 9/9
  5592 | D:6      | Noticed Sigmund
  5603 | D:6      | Killed Sigmund
  5968 | D:6      | Found an ancient bone altar of Kikubaaqudgha.
  6472 | D:7      | Identified the +7 long sword of Ykuqurum {flame, +Blink
                  | SInv}
  6490 | D:7      | Noticed a manticore
  6499 | D:7      | Killed a manticore
  7277 | D:7      | Reached ** piety under the Shining One
  7522 | D:8      | Reached XP level 10. HP: 62/64 MP: 10/10
  7561 | D:8      | Found a burning altar of Makhleb.
  7767 | D:8      | Found a sparkling altar of Nemelex Xobeh.
  7967 | D:8      | Found a blossoming altar of Fedhas.
  8628 | D:9      | Found a snail-covered altar of Cheibriados.
  8715 | D:9      | Found a shimmering blue altar of Sif Muna.
  9081 | D:9      | Reached *** piety under the Shining One
  9206 | D:9      | Noticed Maurice
  9224 | D:9      | Killed Maurice
  9290 | D:10     | Entered Level 10 of the Dungeon
  9291 | D:10     | Noticed an unseen horror
  9309 | D:9      | Killed an unseen horror
  9578 | D:9      | Reached XP level 11. HP: 64/71 MP: 11/11
  9938 | D:10     | Reached skill level 10 in Shields
  9995 | D:10     | Reached skill level 10 in Fighting
 10294 | D:10     | Reached skill level 10 in Armour
 10404 | D:11     | Noticed a two-headed ogre
 10548 | D:11     | Killed a two-headed ogre
 11308 | D:11     | Found Wuchomedgh's Assorted Antiques.
 11671 | D:11     | Reached **** piety under the Shining One
 11708 | D:11     | Found a staircase to the Lair.
 11853 | Lair:1   | Entered Level 1 of the Lair of Beasts
 12037 | Lair:1   | The Shining One protects you from harm!
 12038 | Lair:1   | Slain by a yak

Illustrated notes

Levels and vault maps discovered:
D:1:      shiori_arrival_elements, layout_basic, minmay_misc_feat_cross,
          chequers_serial_rivers_room_a, minmay_tetromino_i2
D:2:      minmay_razor_zed, layout_basic, basic_altar, basic_ecumenical_altar,
          dreamdust_princess_corridor, grunt_ministairs_8
D:3:      layout_basic, mainiacjoe_overflow_cross_hatched,
          nzn_wu_jian_council_hall, tso_altar, mainiacjoe_overflow_swirl,
          dk_noncrumbling_3
D:4:      layout_rooms, minmay_temple_entry_crystal_x, grunt_ministairs_2,
          uniq_grinder
D:5:      layout_basic, kennysheep_small_spiral, hangedman_decor_points
D:6:      layout_layer_cave, nicolae_overflow_crystal_walls,
          ebering_ghost_gozag, st_stairs_5, minmay_liquid_box, uniq_menkaure,
          uniq_sigmund
D:7:      layout_loops_ring
D:8:      layout_rooms, mainiacjoe_overflow_alcove_4, nemelex_altar_shiori,
          lemuel_doored_altar
D:9:      layout_loops_ring, kennysheep_mini_moat, cheibrodos_worm_habitat,
          uniq_maurice
D:10:     layout_cross, blue_anna_alchemist
D:11:     layout_basic, erik_lair_dragon, serial_shops, shop_fountains,
          hangedman_misty_isle
Lair:1:   layout_long_grid, gammafunk_ghost_split, uniq_urug

Skill      XL: |  1  2  3  4  5  6  7  8  9 10 11 |
---------------+----------------------------------+-----
Fighting       | 4 5 6 8 9 10 | 10.9
Armour         | 4 5 6 8 9 10 | 10.8
Shields        | 4 5 7 8 9 10 | 10.9
Maces & Flails | 3 4 5 7 8 9 |  9.7

Action                     |  1- 3 |  4- 6 |  7- 9 | 10-12 || total
---------------------------+-------+-------+-------+-------++-------
  Melee: Flail             |    94 |   202 |   367 |   540 ||  1203
         Morningstar       |       |       |       |    29 ||    29
 Invoke: Divine Shield     |       |       |       |     2 ||     2
  Evoke: Wand              |       |     4 |       |       ||     4
    Use: Scroll            |       |       |    12 |    10 ||    22
 Armour: Scale mail        |    54 |    34 |       |       ||    88
         Chain mail        |       |   109 |    60 |       ||   169
         Plate armour      |       |       |   214 |   432 ||   646
  Dodge: Dodged            |    45 |    84 |   127 |   195 ||   451
  Block: Buckler           |    26 |   101 |   165 |   176 ||   468
         Reflection        |       |       |     1 |       ||     1

Table legend: (Time is in decaauts)
 A = Elapsed time spent in this place.
 B = Non-inter-level travel time spent in this place.
 C = Inter-level travel time spent in this place.
 D = Time resting spent in this place.
 E = Time spent auto-exploring this place.
 F = Levels seen in this place.
 G = Mean time per level.
                   A        B        C        D        E       F      G
               +--------+--------+--------+--------+--------+-----+--------+
         Total |  12187 |  11815 |    372 |   1126 |   8213 |  12 | 1015.6 |
       Dungeon |  12001 |  11629 |    372 |   1126 |   8067 |  11 | 1091.0 |
          Lair |    185 |    185 |      0 |      0 |    146 |   1 |  185.0 |
               +--------+--------+--------+--------+--------+-----+--------+

Top non-repeatable levels by time:
     D:6: 1461 daAuts
     D:9: 1424 daAuts
    D:11: 1289 daAuts
     D:3: 1219 daAuts
     D:5: 1145 daAuts
     D:2: 1114 daAuts
     D:1: 1017 daAuts
     D:7: 1013 daAuts
     D:8: 940 daAuts
    D:10: 821 daAuts
     D:4: 555 daAuts
  Lair:1: 185 daAuts
